Match 46648539
Unlisted

Match 46648539
End
Panzergrenadier Squad
Kradschützen Motorcycle Team
Panzergrenadier Squad
Construct Light Support Kompanie
2.5-tonne Medical Truck
Assault Grenadier Squad
Fire Support Elements
Panzerjäger Mechanized Group
Flakvierling Half-track
Vehicle Survival Package
Selects Battlefield Espionage Battlegroup
Selects Intel Disruption Beacon
Selects Transfer Depots
Selects Firestorm
Construct Panzerarmee Kommand
Firestorm
MG34 Team
Firestorm
Walking Stuka Rocket Launcher
Walking Stuka Rocket Launcher
Firestorm
Panzergrenadier Squad
Firestorm
Armored Reserves
Walking Stuka Rocket Launcher
Firestorm
Tiger Heavy Tank
2.5-tonne Medical Truck
Flak 36 Anti-tank Gun Team
Firestorm
StuG Assault Group
Unbekannt
6block
deluxe_d!ablo
Good day
Tabaczany Baron
Maknil
Patton
Balzeal
0
0

Comments sign in to comment!

No comments posted yet!